Map: Nightscape CE

Players

Jgroto

  • Race: Protoss Protoss
  • League: Platinum
  • Spawn Location: 1:00

jagroto

  • Race: Terran Terran
  • Spawn Location: 1:00

WarpigxxxL

  • Race: Terran Terran
  • League: Silver
  • Spawn Location: 7:00

xBenx

  • Race: Zerg Zerg
  • League: Gold
  • Spawn Location: 7:00

VOD

Have the link to the VOD?

Description

xBenx, WarpigxxxL vs jagroto, Jgroto

Time

  • Played on: March 31, 2024, 2:25 p.m.
  • Length: 18:56
Show
View Real Time Build Order
Export as new Build Order

Jgroto Protoss 

Build Orders:  

Get SALT Encoding   

  12  0:01  Probe (Chrono Boost)  
  13  0:18  Pylon  
  13  0:19  Probe  
  14  0:31  Probe  
  15  0:40  Assimilator  
  15  0:43  Probe  
  16  0:50  Gateway  
  16  0:56  Probe  
  17  1:08  Probe  
  18  1:13  Gateway  
  18  1:20  Probe  
  19  1:40  Zealot  
  19  1:42  Probe  
  22  1:52  Pylon  
  23  1:54  Probe  
  23  2:03  Gateway  
  23  2:05  Gateway  
  23  2:11  Pylon  
  23  2:15  Zealot, Assimilator  
  25  2:47  Nexus  
  25  2:54  Zealot  
  25  2:55  Zealot  
  29  3:05  Cybernetics Core  
  29  3:07  Probe (Chrono Boost)  
  30  3:17  Probe (Chrono Boost)  
  31  3:21  Forge  
  31  3:55  Pylon  
  31  3:57  Stalker, Adept x2  
  37  4:10  Warp Gate (Chrono Boost)  
  37  4:18  Probe (Chrono Boost)  
  37  4:23  Probe (Chrono Boost)  
  39  4:27  Sentry, Stalker  
  39  4:28  Probe (Chrono Boost)  
  45  4:32  Probe (Chrono Boost)  
  45  4:39  Adept  
  45  4:40  Adept  
  49  4:49  Stalker  
  49  4:50  Probe x2  
  53  4:59  Photon Cannon  
  53  5:01  Assimilator  
  53  5:10  Protoss Ground Weapons Level 1 (Chrono Boost)  
  53  5:15  Forge, Probe x2  
  55  5:27  Probe (Chrono Boost)  
  56  5:29  Twilight Council  
  56  5:30  Probe (Chrono Boost)  
  57  5:40  Probe (Chrono Boost)  
  57  5:41  Probe (Chrono Boost)  
  59  5:47  Pylon  
  59  5:52  Sentry  
  61  6:25  Pylon, Stalker x3  
  67  6:27  Photon Cannon  
  67  6:29  Shield Battery, Pylon  
  67  6:32  Protoss Ground Armor Level 1 (Chrono Boost)  
  67  6:34  Charge  
  67  6:37  Pylon  
  67  6:38  Assimilator  
  67  6:44  Stalker  
  69  6:48  Zealot  
  69  6:49  Zealot x2  
  75  6:54  Probe (Chrono Boost)  
  75  6:56  Probe (Chrono Boost)  
  77  7:06  Probe (Chrono Boost)  
  79  7:11  Probe (Chrono Boost)  
  79  7:18  Probe  
  80  7:38  Stalker x4  
  56  8:18  Stalker x2  
  56  8:19  Stalker x2  
  58  8:21  Probe x2  
  58  8:32  Photon Cannon  
  58  8:33  Probe  
  59  8:34  Photon Cannon  
  59  8:35  Probe  
  59  8:37  Nexus  
  60  8:43  Stalker  
  60  8:44  Zealot  
  60  8:45  Probe  
  60  8:48  Probe  
  66  8:49  Stalker x2  
  70  8:57  Probe  
  71  9:04  Gateway  
  71  9:08  Pylon  
  71  9:10  Probe x2  
  71  9:12  Pylon  
  71  9:15  Pylon  
  71  9:17  Zealot  
  75  9:22  Probe  
  75  9:23  Probe  
  77  9:28  Pylon  
  77  9:31  Robotics Facility  
  77  9:33  Robotics Facility  
  77  9:35  Pylon, Probe x2  
  79  9:39  Pylon  
  79  9:44  Stalker x2  
  83  9:47  Sentry, Probe x2  
  83  9:48  Sentry  
  83  9:49  Assimilator  
  89  9:59  Probe x2  
  91  10:06  Stalker  
  93  10:07  Stalker  
  93  10:09  Stalker  
  93  10:10  Stalker  
  93  10:12  Zealot  
  101  10:24  Immortal  
  101  10:25  Immortal  
  107  10:38  Stalker x3  
  107  10:39  Stalker  
  115  10:51  Zealot  
  117  10:57  Pylon  
  117  10:58  Pylon  
  117  11:00  Observer x2  
  119  11:07  Stalker x2  
  119  11:08  Zealot, Stalker  
  127  11:22  Immortal (Chrono Boost)  
  127  11:25  Zealot  
  129  11:27  Immortal (Chrono Boost)  
  131  11:34  Stalker x2  
  131  11:37  Sentry x2  
  139  11:51  Probe x2  
  139  11:52  Gateway  
  139  11:54  Gateway  
  141  11:57  Immortal (Chrono Boost)  
  134  12:01  Zealot  
  134  12:02  Zealot x2  
  134  12:03  Zealot, Stalker  
  71  12:24  Stalker x4  
  75  12:32  Stalker  
  77  12:39  Immortal x2  
  81  12:50  Stalker  
  81  12:51  Protoss Ground Armor Level 2 (Chrono Boost), Stalker x2  
  87  12:53  Protoss Ground Weapons Level 2 (Chrono Boost)  
  87  12:59  Probe x2  
  87  13:00  Probe  
  90  13:07  Assimilator  
  90  13:11  Probe  
  90  13:12  Probe  
  92  13:14  Zealot x3  
  92  13:15  Observer  
  92  13:17  Stalker  
  101  13:25  Zealot  
  101  13:26  Zealot  
  105  13:43  Robotics Bay  
  105  13:53  Robotics Facility, Probe  
  106  13:56  Zealot x3  
  106  13:57  Zealot x4  
  120  14:11  Immortal x2  
  113  14:49  Stalker x5  
  113  14:50  Immortal, Stalker x2  
  127  14:54  Colossus  
  127  15:01  Observer  
  122  15:29  Stalker  
  122  15:30  Stalker x4  
  122  15:31  Zealot x2  
  136  15:39  Probe  
  133  15:59  Zealot  
  133  16:00  Zealot x2  
  123  16:25  Colossus x3, Probe x2  
  134  16:52  Stalker x2  
  135  17:16  Observer x2  
  130  17:25  Stalker x4  
  130  17:29  Stalker x2  
  134  17:34  Probe x3  
  125  18:06  Zealot x2  
  125  18:07  Zealot x3  
  132  18:26  Probe x2  
  134  18:37  Nexus  
Show
View Real Time Build Order
Export as new Build Order

jagroto Terran 

Build Orders: Cyclone Opening 

Get SALT Encoding   

  12  0:05  SCV  
  13  0:21  Supply Depot  
  13  0:23  SCV  
  14  0:35  SCV  
  15  0:37  Refinery  
  15  0:44  Barracks  
  15  0:52  SCV  
  16  1:04  SCV  
  17  1:20  SCV  
  18  1:32  SCV  
  19  1:34  Marine  
  20  1:41  Refinery  
  20  1:44  SCV  
  21  1:48  Factory  
  21  2:05  Barracks Reactor  
  21  2:10  SCV  
  21  2:14  Supply Depot  
  22  2:18  Barracks  
  22  2:42  Command Center  
  22  2:56  Cyclone x2  
  26  3:08  Barracks Reactor  
  26  3:09  Barracks Tech Lab  
  26  3:13  Orbital Command  
  26  3:32  Cyclone x2  
  30  3:43  Supply Depot  
  30  3:52  SCV  
  31  4:04  SCV  
  31  4:07  Cyclone  
  34  4:11  Cyclone  
  34  4:16  SCV  
  37  4:22  Orbital Command  
  37  4:36  SCV  
  38  4:48  SCV x2  
  40  5:00  SCV  
  40  5:02  Marine x2, Marauder, Starport  
  45  5:15  Refinery  
  45  5:17  SCV x2  
  45  5:20  Marine x2  
  49  5:22  Concussive Shells  
  49  5:29  SCV x2  
  49  5:31  Barracks  
  51  5:38  Marine x2  
  51  5:41  SCV  
  54  5:47  Supply Depot  
  54  5:49  Supply Depot  
  54  5:53  Command Center  
  54  5:57  Starport Reactor  
  54  6:05  Engineering Bay  
  54  6:06  Engineering Bay  
  54  6:09  SCV x2, Marine x2  
  54  6:10  Armory  
  58  6:21  SCV x2  
  62  6:33  SCV x2, Marauder  
  62  6:34  Stimpack  
  62  6:36  Marine x2  
  62  6:39  Factory Tech Lab  
  66  6:43  Medivac x2  
  70  6:48  Supply Depot  
  70  6:50  Missile Turret  
  70  6:53  Missile Turret  
  70  7:05  Missile Turret  
  70  7:07  SCV  
  71  7:10  Orbital Command  
  71  7:11  Missile Turret  
  71  7:19  SCV  
  72  7:24  Marine x3, Marauder  
  77  7:33  Missile Turret  
  77  7:36  Marine  
  78  7:38  Medivac x2  
  78  7:42  Marine x2  
  84  7:45  Marauder  
  86  7:53  Missile Turret  
  86  8:07  Marauder  
  88  8:14  Combat Shield  
  88  8:17  Marine  
  88  8:18  Marine x3  
  87  8:28  Marauder  
  89  8:35  Marine x2  
  89  8:36  Marine x2  
  91  8:47  Supply Depot  
  91  8:49  Marauder, Supply Depot  
  91  8:55  Supply Depot x2  
  93  8:58  Supply Depot  
  93  9:01  Terran Infantry Weapons Level 1, Terran Infantry Armor Level 1  
  93  9:04  Terran Vehicle And Ship Armor Level 1  
  93  9:09  Siege Tank, Liberator  
  99  9:10  Starport  
  99  9:11  Liberator, Marauder  
  99  9:16  Barracks  
  104  9:17  Supply Depot  
  104  9:20  Supply Depot  
  104  9:22  Supply Depot  
  104  9:23  Barracks  
  104  9:29  Factory  
  104  9:32  Marauder  
  104  9:33  Refinery  
  104  9:34  Factory, SCV x3  
  109  9:41  Siege Tank, Supply Depot  
  112  9:46  SCV x3  
  112  9:52  Medivac  
  117  9:54  Medivac  
  117  9:58  SCV x3  
  122  10:10  SCV  
  122  10:13  Siege Tank  
  126  10:20  Factory Tech Lab  
  126  10:21  Factory Tech Lab  
  124  10:45  Siege Tank  
  125  11:04  Marine x3  
  125  11:05  Marine x2  
  129  11:52  Refinery  
  129  11:59  Terran Infantry Weapons Level 2, Siege Tank  
  129  12:00  Terran Infantry Armor Level 2  
  129  12:07  Marine x4, Marauder  
  135  12:09  Medivac x2  
  138  12:19  Refinery  
  135  12:25  Marine  
  135  12:28  Marauder  
  124  12:39  Medivac x2  
  121  12:49  Marauder  
  123  12:58  Marine x3  
  123  13:02  Starport Tech Lab  
  126  13:06  Barracks Tech Lab  
  126  13:07  Barracks Reactor  
  126  13:09  Medivac  
  126  13:11  Marauder  
  130  13:14  Missile Turret  
  130  13:18  Missile Turret  
  130  13:26  Siege Tank  
  130  13:27  Siege Tank  
  136  13:32  Marauder  
  138  13:53  Marauder  
  139  13:58  Thor  
  145  14:15  Marauder  
  143  14:30  Command Center  
  116  15:05  Marine x2  
  116  15:06  Marine x6  
  120  15:09  Thor x3  
  138  15:23  Marine x4  
  138  15:24  Marine x4  
  146  15:41  Marine x2  
  146  15:42  Marauder x2  
  152  15:48  Marine x4  
  156  15:52  Thor x3  
  174  15:58  Marine  
  174  16:03  Marauder  
  174  16:04  Marauder  
  177  16:25  Marauder  
  179  16:34  Marauder  
  180  16:43  Supply Depot  
  180  16:46  Terran Vehicle Weapons Level 1, Supply Depot x2  
  180  16:52  Supply Depot  
  180  17:04  Thor, Marauder  
  180  17:06  Supply Depot  
  180  17:08  Viking, Marauder, Medivac  
  194  17:26  Marauder  
  194  17:29  Marauder  
  184  17:46  Marine  
  184  17:47  Marine x2  
  184  17:48  Marauder  
Show
View Real Time Build Order
Export as new Build Order

WarpigxxxL Terran 

Build Orders:  

Get SALT Encoding   

  12  0:08  SCV  
  13  0:20  SCV  
  14  0:33  SCV  
  15  0:45  Supply Depot  
  15  0:59  Supply Depot  
  15  1:07  SCV  
  16  1:19  SCV  
  17  1:26  Barracks  
  17  1:28  Barracks  
  17  1:31  SCV  
  18  1:43  SCV  
  19  1:49  Command Center  
  19  1:55  SCV  
  20  2:05  Barracks  
  20  2:07  SCV  
  21  2:25  Orbital Command  
  21  2:27  Marine  
  22  2:31  Marine  
  23  2:50  Refinery  
  23  2:52  Refinery  
  23  3:04  SCV x2  
  25  3:09  Refinery  
  25  3:16  SCV x2  
  26  3:23  Marine  
  26  3:24  Marine x2  
  29  3:28  SCV x2  
  31  3:40  SCV x2  
  33  3:41  Marine  
  33  3:42  Marine x2  
  33  3:46  Factory  
  36  3:52  SCV  
  36  3:53  SCV  
  38  4:04  SCV  
  38  4:05  SCV  
  38  4:09  Marine x3  
  43  4:17  SCV x2  
  45  4:27  Marine  
  45  4:30  Barracks  
  46  4:32  Barracks  
  46  4:39  Ghost Academy  
  46  4:53  Supply Depot  
  46  4:55  Orbital Command  
  46  5:15  SCV, Marine x3  
  46  5:16  Factory Tech Lab  
  46  5:17  Supply Depot  
  46  5:19  Supply Depot  
  46  5:20  Personal Cloaking  
  50  5:23  Refinery  
  50  5:27  SCV  
  51  5:28  Barracks Tech Lab  
  51  5:33  Marine x2  
  53  5:43  Barracks Tech Lab  
  53  5:54  Barracks Tech Lab  
  55  5:58  Barracks Tech Lab  
  55  6:04  SCV x2  
  57  6:14  Supply Depot  
  57  6:15  Supply Depot x2  
  57  6:16  SCV x2  
  63  6:19  Unknown  
  63  6:25  Stimpack  
  65  6:28  SCV x2  
  67  6:40  SCV  
  67  6:41  SCV  
  67  6:42  Unknown x2  
  67  6:46  Nuke  
  73  6:47  Unknown  
  73  6:53  SCV x2  
  75  6:57  Starport  
  75  7:05  SCV x2  
  77  7:09  Siege Tank  
  77  7:11  Unknown x2  
  77  7:13  Marine  
  77  7:14  Marine x4  
  85  7:31  Marine x3  
  85  7:32  Marine x2  
  90  7:41  Siege Tank  
  93  7:49  Marine  
  94  7:54  Marine x2  
  94  7:55  Marine x2  
  86  8:07  Marine  
  86  8:12  Marine x2  
  84  8:13  Marine x2  
  82  8:24  Marine  
  79  8:30  Marine x2  
  79  8:31  Marine x2  
  79  8:33  Nuke  
  83  8:35  Medivac  
  80  8:42  Marine  
  80  8:48  Marine x4  
  85  9:00  Marine  
  86  9:03  Hellion  
  86  9:05  Marine x2, Medivac  
  86  9:06  Marine x2  
  94  9:20  Supply Depot  
  94  9:23  Supply Depot  
  94  9:24  Supply Depot  
  94  9:25  Supply Depot x2  
  94  9:34  Command Center  
  94  9:36  Marine x5  
  94  9:37  Hellion  
  101  9:41  Medivac  
  103  9:47  Engineering Bay  
  103  9:54  Marine x5  
  103  9:58  Hellion  
  103  9:59  Starport  
  110  10:03  Starport  
  110  10:11  Liberator  
  110  10:12  Marine x5  
  118  10:20  Hellion  
  120  10:35  Marine  
  129  10:41  Hellion  
  131  10:52  Marine  
  131  10:54  Liberator  
  135  10:58  Marine x4  
  135  10:59  Unknown x4  
  139  11:10  Marine  
  140  11:16  Marine x4  
  138  11:28  Marine  
  138  11:31  Liberator x2  
  135  11:34  Marine x4  
  135  11:37  Viking  
  141  11:46  Marine  
  142  11:52  Marine x2  
  119  12:06  Liberator  
  104  12:14  Liberator x2  
  100  12:17  Marine  
  100  12:18  Marine x4  
  93  12:35  Marine  
  93  12:36  Marine x4  
  82  12:49  Liberator  
  75  12:53  Marine  
  75  12:54  Planetary Fortress, Marine x4  
  80  13:07  Command Center  
  80  13:11  Marine x4  
  80  13:12  Marine  
  85  13:13  SCV  
  85  13:14  SCV  
  87  13:25  SCV  
  88  13:27  Medivac  
  88  13:29  Marine x2  
  92  13:46  Nuke  
  94  14:04  Ghost Academy  
  94  14:11  Unknown  
  94  14:16  Marine  
  96  14:43  Unknown x2  
  66  15:05  Marine x5  
  58  15:23  Marine x5  
  58  15:25  Hellion  
  63  15:40  Marine  
  63  15:41  Marine x4  
  68  15:47  Hellion  
  69  15:54  Liberator x3  
  78  15:58  Marine  
  78  15:59  Marine x4  
  83  16:08  Widow Mine  
  85  16:15  Nuke  
  85  16:16  Nuke, Marine  
  85  16:17  Marine  
  81  16:29  Widow Mine  
  82  16:34  Marine  
  82  16:37  Liberator x3  
  91  16:51  Widow Mine  
  91  16:52  Unknown x3, Marine x2  
  97  16:55  Marine  
  98  17:03  Unknown, Marine  
  97  17:10  Marine  
  97  17:13  Marine  
  95  17:20  Liberator x2, Marine  
  95  17:21  Unknown  
  96  17:28  Marine  
  95  17:31  Marine  
  91  17:38  Marine  
  85  17:45  Marine  
  85  17:48  Marine  
  86  17:56  Marine  
  86  18:03  Marine  
Show
View Real Time Build Order
Export as new Build Order

xBenx Zerg 

Build Orders: Hatch First 

Get SALT Encoding   

  12  0:02  Drone  
  13  0:14  Drone  
  14  0:21  Overlord  
  14  0:43  Hatchery  
  13  0:53  Drone  
  13  0:54  Drone  
  15  1:20  Drone  
  15  1:21  Drone  
  17  1:25  Drone  
  18  1:43  Drone  
  18  1:46  Spawning Pool  
  18  1:47  Extractor  
  17  1:59  Drone  
  17  2:01  Drone, Overlord  
  19  2:06  Drone  
  20  2:09  Extractor, Drone  
  20  2:17  Drone  
  20  2:22  Drone  
  22  2:30  Drone  
  22  2:32  Drone  
  24  2:47  Zergling x6  
  24  2:50  Queen x2  
  31  2:52  Overlord  
  31  3:02  Drone  
  32  3:06  Extractor  
  31  3:22  Roach Warren  
  31  3:24  Drone x5  
  35  3:32  Lair  
  35  3:37  Overlord x2  
  35  3:41  Hatchery  
  35  3:43  Queen  
  35  3:52  Spine Crawler  
  34  3:58  Drone x2  
  34  3:59  Drone  
  34  4:02  Spore Crawler  
  36  4:04  Drone, Spore Crawler  
  35  4:12  Metabolic Boost  
  35  4:19  Roach x2  
  35  4:20  Roach  
  41  4:36  Infestation Pit  
  41  4:37  Drone  
  41  4:38  Drone  
  42  4:39  Drone  
  42  4:40  Drone x3, Extractor  
  45  4:53  Drone  
  45  4:54  Queen  
  48  5:04  Drone x2  
  48  5:06  Roach  
  52  5:07  Zergling x4, Roach  
  52  5:08  Zergling x2  
  52  5:09  Zergling x2  
  58  5:17  Infestor  
  60  5:23  Drone x3  
  60  5:25  Drone x3  
  66  5:36  Drone, Spore Crawler  
  66  5:37  Overlord  
  66  5:58  Extractor, Overlord  
  65  6:09  Hive  
  64  6:11  Zergling x4, Roach x2  
  64  6:14  Infestor  
  64  6:17  Burrow  
  71  6:23  Drone x2  
  71  6:24  Drone  
  74  6:27  Spine Crawler  
  74  6:31  Drone x2  
  74  6:32  Drone  
  76  6:33  Drone x3  
  76  6:34  Drone x2  
  76  6:35  Overlord x2  
  76  6:36  Overlord  
  81  6:47  Hydralisk Den  
  80  7:04  Drone x3  
  80  7:08  Extractor  
  82  7:09  Roach x7  
  82  7:10  Zergling x10  
  101  7:22  Overlord x2  
  100  7:45  Infestor x2  
  98  8:02  Roach x6  
  87  8:09  Grooved Spines  
  87  8:10  Glial Reconstitution  
  87  8:12  Zergling x4, Hydralisk x7, Roach  
  89  8:13  Zergling x8, Roach x6  
  109  8:47  Hydralisk x2  
  109  8:48  Zergling x6, Hydralisk, Roach x2  
  122  8:51  Overlord x2  
  122  8:59  Extractor  
  122  9:00  Hatchery, Ravager  
  120  9:04  Extractor  
  119  9:10  Overlord  
  119  9:11  Overseer, Overlord  
  119  9:12  Pneumatized Carapace  
  119  9:19  Drone x2  
  119  9:20  Drone  
  119  9:21  Drone x6  
  119  9:22  Drone x2  
  130  9:27  Spore Crawler  
  129  9:34  Overseer, Nydus Network  
  129  9:38  Neural Parasite  
  128  9:39  Adrenal Glands  
  128  9:40  Muscular Augments  
  128  9:44  Drone x3, Extractor  
  130  9:47  Spine Crawler  
  130  9:51  Infestor x2  
  133  9:54  Infestor x2  
  133  10:25  Ravager x2  
  130  10:46  Overlord x3  
  130  10:48  Overseer  
  130  10:50  Ravager x2  
  130  10:51  Hydralisk x3, Ravager  
  130  10:52  Zergling x8, Hydralisk, Roach x3  
  151  10:59  Overlord  
  151  11:00  Overlord x4  
  151  11:11  Tunneling Claws  
  149  11:26  Hydralisk  
  149  11:27  Zergling x8, Hydralisk x6, Roach  
  149  11:28  Zergling x6, Infestor x2, Roach x4  
  180  11:36  Overseer  
  180  11:57  Infestor x2  
  149  12:20  Zergling x2, Hydralisk x6  
  149  12:21  Zergling x12, Hydralisk x3, Roach x8  
  136  12:43  Hydralisk  
  136  12:44  Zergling x6, Hydralisk, Roach x3  
  135  12:49  Evolution Chamber  
  144  12:52  Drone x3  
  144  12:54  Queen  
  144  12:55  Drone  
  150  13:04  Infestor x2  
  150  13:05  Infestor  
  156  13:21  Drone x2  
  156  13:22  Nydus Network, Overlord  
  157  13:30  Overlord x3  
  157  13:38  Overseer x3  
  157  14:10  Infestor x5  
  157  14:17  Overlord x2  
  166  14:26  Nydus Canal  
  150  14:44  Zergling x24  
  150  14:45  Zergling x32  
  122  15:05  Hydralisk x2  
  122  15:06  Zergling x8, Hydralisk, Roach x4  
  134  15:16  Evolution Chamber x2  
  124  15:22  Ultralisk Cavern  
  96  15:47  Extractor  
  96  15:48  Overseer  
  96  15:49  Zergling x2, Hydralisk x6, Roach, Hatchery  
  98  15:50  Zergling x12, Roach x5  
  98  15:52  Extractor  
  98  15:55  Spine Crawler  
  116  16:01  Nydus Canal  
  113  16:07  Extractor, Hatchery  
  113  16:09  Extractor  
  96  16:13  Ultralisk x5  
  57  17:01  Nydus Canal  
  51  17:07  Drone  
  52  17:28  Spine Crawler  
  46  17:30  Spine Crawler  
  46  17:32  Nydus Canal, Spine Crawler  
  46  17:33  Drone x2  
  39  17:43  Lair  
  36  17:44  Drone  
  36  17:46  Queen  
  39  18:04  Spawning Pool  
  35  18:13  Nydus Canal  
  27  18:32  Nydus Canal  
  27  18:33  Zergling x2  
  27  18:34  Zergling x2  
  22  18:36  Drone  
Tags
 
Add a new tag
Caveats
  • Supply blocks, unpowered buildings, or Contaminate may cause inaccurate times.
  • Supply counts are checked every 10 seconds.